 Dungeon Crawl Stone Soup version 0.27.1-33-g824d729ab1 (webtiles) character file.

Game seed: 17768757788448108173

116 pkoi the Ruffian (level 4, -5/38 HPs)
             Began as a Draconian Monk on Dec 16, 2021.
             Slain by an iguana (13 damage)
             ... on level 3 of the Dungeon.
             The game lasted 00:03:25 (3750 turns).

pkoi the Ruffian (Draconian Monk)                   Turns: 3750, Time: 00:03:26

Health: -5/38      AC:  5    Str: 14    XL:     4   Next: 69%
Magic:  4/4        EV: 12    Int: 11    God:
Gold:   139        SH:  0    Dex: 13    Spells: 3/3 levels left

rFire    . . .     SeeInvis .     - Unarmed
rCold    . . .     Faith    .   (no shield)
rNeg     . . .     Spirit   .   (armour unavailable)
rPois    .         Reflect  .   (helmet restricted)
rElec    .         Harm     .   (no cloak)
rCorr    .         Rampage  .   (no gloves)
Will     +....                  (no boots)
Stlth    ++........             (no amulet)
HPRegen  0.12/turn              (no ring)
MPRegen  0.09/turn              (no ring)

@: no status effects
A: AC +5, unfitting armour, cold-blooded, strong-willed 1
a: no special abilities


You were on level 3 of the Dungeon.
You visited 1 branch of the dungeon, and saw 4 of its levels.

You collected 139 gold pieces.

Inventory:

Missiles
 b - 3 boomerangs of dispersal
 i - 2 throwing nets (quivered)


   Skills:
 - Level 3.2 Fighting
 - Level 2.6 Dodging
 - Level 1.7 Stealth
 + Level 5.5 Unarmed Combat


You had 3 spell levels left.
You didn't know any spells.
Your spell library contained the following spells:

 Spells                   Type           Power      Damage    Failure   Level
 Gell's Gravitas          Tloc           0%         N/A       71%         3
 Lesser Beckoning         Tloc           0%         N/A       71%         3
 Teleport Other           Tloc           0%         N/A       71%         3


Dungeon Overview and Level Annotations

Branches:
Dungeon (4/15)
 Temple: D:4-7

Altars:
Fedhas

Annotations:
D:3 Sigmund, Terence


Innate Abilities, Weirdness & Mutations

Your plain brown scales are hard. (AC +5)
You cannot fit into any form of body armour.
You are cold-blooded and may be slowed by cold attacks.
You are strong-willed. (Will+)


Message History

The ball python's grasp on you weakens, but your attempt to escape fails.
The iguana bites you.
The ball python bites you but does no damage.
The ball python constricts you. The goblin hits you but does no damage.
You escape the ball python's grasp.
Unknown command.
The ball python bites you but does no damage.
The ball python grabs you. The ball python constricts you.
You escape the ball python's grasp.
The iguana hisses menacingly.
The ball python barely misses you. x2
There is a stone staircase leading up here.
The iguana bites you.
You climb upwards.
Level annotation: Sigmund, Terence
There is a stone staircase leading down here.
You hit the iguana.
The iguana is moderately wounded.
The iguana barely misses you.
You hit the iguana but do no damage.
You tail-slap the iguana, but do no damage.
The iguana is moderately wounded.
The iguana barely misses you.
You barely miss the iguana.
Your tail-slap misses the iguana.
The iguana is moderately wounded.
The iguana bites you!
* * * LOW HITPOINT WARNING * * *
You hit the iguana but do no damage.
The iguana is moderately wounded.
The iguana bites you but does no damage.
You barely miss the iguana.
Your tail-slap misses the iguana.
The iguana is moderately wounded.
The iguana bites you!
* * * LOW HITPOINT WARNING * * *
You hit the iguana.
The iguana is heavily wounded.
You hit the iguana.
The iguana is severely wounded.
The iguana bites you!
You die...

#.# #...#
#######.#
#.#.#
........#
#.#.#
######..####
#.#.#
#.....####.#.#
#..###....)#.#
##.##
##....#.# #.##
##..)..# #.#
#...@.# #.##
##...l## ##.##
##....##
##.###.##.##
##...###.#
#..## #.#
##..# #(#
#...# #.#
#..## #.#


You could see an iguana.

Vanquished Creatures
  2 adders (D:2)
  4 gnolls
  A worm (D:3)
  3 dart slugs
  2 orcs
  3 ball pythons (D:1)
  7 endoplasms
  A giant cockroach (D:1)
  4 goblins
  3 hobgoblins
  4 quokkas
  4 bats
  4 frilled lizards
  2 kobolds (D:3)
  3 rats
47 creatures vanquished.

Notes
Turn   | Place    | Note
-------+----------+-------------------------------------------
     0 | D:1      | pkoi the Draconian Monk began the quest for the Orb.
     0 | D:1      | Reached XP level 1. HP: 19/19 MP: 1/1
   125 | D:1      | Reached XP level 2. HP: 20/26 MP: 2/2
   252 | D:1      | Found a faded altar of an unknown god.
   583 | D:1      | Reached skill level 4 in Unarmed Combat
   789 | D:1      | Reached XP level 3. HP: 29/31 MP: 3/3
  2224 | D:3      | Noticed Sigmund
  2461 | D:3      | Reached skill level 5 in Unarmed Combat
  2461 | D:3      | Reached XP level 4. HP: 29/38 MP: 4/4
  2477 | D:2      | Gained mutation: You are strong-willed. (Will+) [potion of
                  | mutation]
  3287 | D:3      | Noticed Terence
  3657 | D:4      | Found a blossoming altar of Fedhas.
  3683 | D:4      | Noticed a steam dragon
  3750 | D:3      | Slain by an iguana

Illustrated notes

Levels and vault maps discovered:
D:1:      evilmike_arrival_plus, layout_rooms, ebering_ecumenical_altar_hall,
          grunt_decor_clamped, minmay_misc_feat_tower
D:2:      layout_loops_corners
D:3:      layout_loops_ring, grunt_ministairs_12, uniq_sigmund, uniq_terence
D:4:      layout_cave_pools, minmay_overflow_temple_star_quad,
          mainiacjoe_overflow_six_doors_small, serial_glass, glass_columns_c,
          glass_columns_a, glass_columns_b, glass_columns_a, glass_columns_c,
          glass_columns_a, glass_columns_a, glass_columns_c,
          uniq_crazy_yiuf_cottage, uniq_duvessa

Skill      XL: |  1  2  3 |
---------------+----------+-----
Unarmed Combat | 4 5 |  5.5
Fighting       | |  3.2
Dodging        | |  2.6
Stealth        | |  1.7

Action                   |  1- 3 |  4- 6 || total
-------------------------+-------+-------++-------
Melee: Unarmed           |   126 |    68 ||   194
       Tailslap          |    13 |     5 ||    18
       Punch             |     1 |     1 ||     2
  Use: Scroll            |       |     6 ||     6
       Potion            |       |     4 ||     4
 Stab: Sleeping          |     6 |     1 ||     7
Armor: Skin              |    35 |    17 ||    52
Dodge: Dodged            |    72 |    42 ||   114
